 Dungeon Crawl Stone Soup version 0.21-a0-185-g3a6ed1e (webtiles) character file.

673 Manul the Chopper (level 7, -5/52 HPs)
             Began as a Mummy Gladiator on Aug 12, 2017.
             Killed from afar by a ball python (57 damage)
             ... with an exploding inner flame
             ... hexed by the player character
             ... on level 4 of the Dungeon.
             The game lasted 00:04:36 (4686 turns).

Manul the Chopper (Mummy Gladiator)                 Turns: 4686, Time: 00:04:36

Health: -5/52      AC: 11    Str: 18    XL:     7   Next: 33%
Magic:  7/7        EV:  8    Int:  8    God:
Gold:   133        SH:  0    Dex: 14    Spells: 6/6 levels left

rFire    x . .     SeeInvis .   a - +0 war axe
rCold    + . .     Gourm    .   (no shield)
rNeg     + + +     Faith    .   q - +0 chain mail
rPois    ∞         Spirit   .   c - +0 helmet
rElec    .         Reflect  .   e - +0 cloak
rCorr    .         Harm     .   (no gloves)
MR       .....                  (no boots)
Stlth    ..........             (no amulet)
HPRegen  0.17/turn              (no ring)
MPRegen  0.10/turn              (no ring)

@: drained
A: no food or potions, fire vulnerability, cold resistance 1, negative energy
resistance 3, torment resistance, unbreathing
a: no special abilities


You were on level 4 of the Dungeon.
You were not hungry.

You visited 1 branch of the dungeon, and saw 4 of its levels.

You collected 133 gold pieces.

Inventory:

Hand Weapons
 a - a +0 war axe (weapon)
 p - a +2 dagger of venom
Missiles
 d - 2 throwing nets (quivered)
Armour
 b - a +0 leather armour
 c - a +0 helmet (worn)
 e - a +0 cloak (worn)
 i - a scarf of repulsion
 k - a +0 ring mail
 q - a +0 chain mail (worn)
Wands
 n - a wand of acid (5/15)
 o - a wand of clouds (4/9)
 s - a wand of paralysis (11/24)
Scrolls
 f - a scroll of enchant armour {unknown}
 g - a scroll of fear {unknown}
 h - a scroll of amnesia {unknown}
 j - a scroll of identify
 m - a scroll of remove curse
 r - a scroll of teleportation


   Skills:
 + Level 3.0 Fighting
 + Level 5.4 Axes
 - Level 1.8 Throwing
 + Level 2.5 Armour
 + Level 3.3(3.2) Dodging
 - Level 1.3 Stealth


You had 6 spell levels left.
You didn't know any spells.

Dungeon Overview and Level Annotations

Branches:
Dungeon (4/15)
 Temple: D:4-7

Altars:
Cheibriados
Okawaru
Ru


Innate Abilities, Weirdness & Mutations

You do not eat or drink.
Your flesh is vulnerable to fire.
You are immune to poison.
Your flesh is cold resistant. (rC+)
You are immune to negative energy. (rN+++)
You are immune to unholy pain and torment.
You can survive without breathing.


Message History

No target in view!
No target in view!
No target in view!
No target in view!
No target in view!
A ball python and a skeleton come into view.
Found a stone staircase leading up.
As you read the scroll labeled LUUT ZUOPSIZAI, it crumbles to dust.
The creatures around you are filled with an inner flame!
It was a scroll of immolation.
The ball python bites you but does no damage.
The ball python grabs you. The ball python constricts you.
You barely miss the ball python.
The ball python bites you but does no damage.
The ball python constricts you.
You slash the ball python!
The ball python explodes!
The fiery explosion engulfs you! The fire burns you terribly!
Ouch! That really hurt!
You die...

.# .. .. #####< .##
#.?.. ....##§.§
#.Z.§§#
##...@################
#....................#
#.##################..
.. ### .


You could see an adder skeleton (inner flame).

Vanquished Creatures
  Sigmund (D:2)
  A phantom (D:4)
  An orc priest (D:4)
  A hound (D:3)
  3 orc wizards (D:4)
  2 iguanas (D:3)
  A hound skeleton (D:4)
  4 gnolls
  8 adders
  An ooze (D:1)
  7 worms
  4 dart slugs
  4 leopard geckos
  7 orcs
  A ball python (D:2)
  7 giant cockroaches
  5 goblins (D:1)
  6 hobgoblins
  4 jackals (D:3)
  2 quokkas (D:3)
  8 bats
  5 frilled lizards
  10 kobolds
  6 rats
99 creatures vanquished.

Notes
Turn   | Place    | Note
-------+----------+-------------------------------------------
     0 | D:1      | Manul the Mummy Gladiator began the quest for the Orb.
     0 | D:1      | Reached XP level 1. HP: 16/16 MP: 1/1
   272 | D:1      | Reached XP level 2. HP: 22/22 MP: 2/2
   592 | D:1      | Reached skill level 3 in Axes
   639 | D:1      | Reached XP level 3. HP: 24/27 MP: 3/3
   994 | D:2      | Found a snail-covered altar of Cheibriados.
  1011 | D:2      | Reached XP level 4. HP: 21/33 MP: 4/4
  1145 | D:2      | Noticed Sigmund
  1157 | D:2      | Killed Sigmund
  1157 | D:2      | Reached skill level 4 in Axes
  1157 | D:2      | Reached skill level 1 in Armour
  1157 | D:2      | Reached skill level 1 in Stealth
  1157 | D:2      | Reached XP level 5. HP: 32/39 MP: 5/5
  1533 | D:2      | Reached XP level 6. HP: 46/46 MP: 6/6
  2063 | D:3      | Found an iron altar of Okawaru.
  2064 | D:3      | Found a sacrificial altar of Ru.
  2950 | D:3      | Reached skill level 5 in Axes
  4091 | D:3      | Reached XP level 7. HP: 51/51 MP: 7/7
  4686 | D:4      | Killed from afar by a ball python

Vault maps used:
D:1:      dpeg_arrival_rooms_c
D:2:      kennysheep_slug_shrine, uniq_sigmund
D:3:      chequers_temple_overflow_statue_of_worship, first_bread
D:4:      portal_sewer_entry_b

Skill      XL: |  1  2  3  4  5  6  7 |
---------------+----------------------+-----
Axes           | 3 4 5 |  5.4
Armour         | 1 2 |  2.5
Dodging        | 3 |  3.3
Stealth        | 1 |  1.3
Fighting       | 3 |  3.0
Throwing       | |  1.8

Action                   |  1- 3 |  4- 6 |  7- 9 || total
-------------------------+-------+-------+-------++-------
Melee: War axe           |    80 |   188 |    50 ||   318
Throw: Throwing net      |       |     4 |       ||     4
Evoke: Wand              |       |     1 |       ||     1
  Use: Scroll            |       |     5 |     1 ||     6
 Stab: Held in net/web   |       |     1 |       ||     1
Armor: Leather armour    |    27 |       |       ||    27
       Ring mail         |     7 |    89 |    16 ||   112
       Chain mail        |       |       |    11 ||    11
Dodge: Dodged            |    62 |   150 |    30 ||   242
